 Dungeon Crawl Stone Soup version 0.21.0-37-g46506fa (webtiles) character file.

3399 Inarius the Frost Mage (level 9, -9/70 HPs)
             Began as a White Draconian Ice Elementalist on Jan 30, 2018.
             Was a Follower of Vehumet.
             Shot with a bolt by an orc warrior (11 damage)
             ... in a bailey.
             The game lasted 00:30:27 (11764 turns).

Inarius the Frost Mage (DrIE)                      Turns: 11764, Time: 00:30:27

Health: -9/70      AC:  8    Str: 11    XL:     9   Next: 75%
Magic:  19/19      EV: 13    Int: 19    God:    Vehumet [*.....]
Gold:   271        SH:  4    Dex: 11    Spells: 9/21 levels left

rFire    + . .     SeeInvis .   l - +3 short sword (drain)
rCold    + . .     Gourm    .   t - +0 buckler
rNeg     . . .     Faith    .   (armour unavailable)
rPois    +         Spirit   .   (helmet restricted)
rElec    .         Reflect  .   (no cloak)
rCorr    .         Harm     .   (no gloves)
MR       .....                  j - +0 pair of boots
Stlth    ++........             A - amulet of rage
HPRegen  0.21/turn              o - ring of protection from fire
MPRegen  0.16/turn              h - ring of poison resistance

@: no status effects
A: breathe frost, unfitting armour, cold resistance 1, cold-blooded, AC +7
a: Breathe Frost, Renounce Religion, Evoke Berserk Rage


You were in a bailey.
You worshipped Vehumet.
Vehumet was aware of your devotion.
You were not hungry.

You visited 2 branches of the dungeon, and saw 9 of its levels.
You also visited: Sewer and Bailey.

You collected 323 gold pieces.
You spent 52 gold pieces at shops.

Inventory:

Hand Weapons
 l - a +3 short sword of draining (weapon)
Armour
 j - a +0 pair of boots (worn)
 n - a +0 shield
 t - a +0 buckler (worn)
Magical Staves
 v - an uncursed staff of power
Jewellery
 h - a ring of poison resistance (right hand)
 o - a ring of protection from fire (left hand)
 A - an amulet of rage (around neck)
Wands
 g - a wand of disintegration (13)
 m - a wand of random effects (21)
Scrolls
 a - a scroll of enchant armour
 d - 4 scrolls of remove curse
 e - 3 scrolls of fog
 f - 2 scrolls of amnesia
 i - a scroll of enchant weapon
 s - 3 scrolls of teleportation
 x - a scroll of fear
 y - 2 scrolls of blinking
Potions
 c - a potion of invisibility
 k - 2 potions of magic
 p - a potion of resistance
 q - 2 potions of might
 r - 2 potions of cancellation
 u - a potion of mutation
 z - 4 potions of brilliance
Comestibles
 b - 15 rations
 w - a chunk of flesh


   Skills:
 + Level 3.6 Fighting
 - Level 0.4 Short Blades
 + Level 4.3 Dodging
 - Level 1.7 Stealth
 - Level 2.0 Shields
 + Level 6.7 Spellcasting
 + Level 1.5 Conjurations
 + Level 1.8 Charms
 + Level 1.6 Summonings
 * Level 11.8 Ice Magic


You had 9 spell levels left.
You knew the following spells:

 Your Spells              Type           Power        Failure   Level  Hunger
a - Freeze                Ice            ####         1%          1    None
b - Ozocubu's Armour      Chrm/Ice       ####....     2%          3    ##.....
c - Throw Icicle          Conj/Ice       ####....     9%          4    ####...
d - Summon Ice Beast      Ice/Summ       ####....     9%          4    ####...


Dungeon Overview and Level Annotations

Branches:
Dungeon (8/15)             Temple (1/1) D:5            Lair (0/6) D:8

Altars:
Ashenzari
Cheibriados
Dithmenos
Fedhas
Hepliaklqana
Kikubaaqudgha
Uskayaw
Vehumet
Wu Jian
Xom
The Shining One

Shops:
D:5 :   D:6 ?

Annotations:
D:3 Baghtru's ghost, amateur VSCK
D:5 bmj180's ghost, novice HOFi


Innate Abilities, Weirdness & Mutations

You can breathe waves of freezing cold.
You can buffet flying creatures when you breathe cold.
Your icy white scales are hard. (AC +7)
You cannot fit into any form of body armour.
Your flesh is cold resistant. (rC+)
You are cold-blooded and may be slowed by cold attacks.


Message History

You see here 2 bolts.
You see here a bolt.
The orc warrior shoots a bolt.
The bolt hits you!
* * * LOW HITPOINT WARNING * * *
You see here a bolt.
An orc comes into view. It is wielding an arbalest.
The orc moves out of view.
Things that are here:
an uncursed arbalest; 5 bolts; a scale mail The orc warrior shouts!
You hear a shout!
The orc warrior shoots a bolt.
The bolt completely misses you.
You see here a bolt.
The orc warrior shoots a bolt.
The bolt hits you!
* * * LOW HITPOINT WARNING * * *
You see here a bolt.
The orc warrior shoots a bolt.
The bolt hits you.
* * * LOW HITPOINT WARNING * * *
You see here a bolt.
The orc warrior shoots a bolt.
The bolt hits you!
You die...

#################################
........(..)((.(@................
.................................
.............(...................
..............(..................
.................................
.o...................)...........
...≈≈≈≈≈≈≈≈≈≈≈≈≈≈≈≈≈≈≈≈≈≈≈≈≈≈≈≈≈.
...≈≈#.#≈≈≈≈≈≈≈oo≈≈≈≈≈≈≈≈≈≈#.#≈≈.
...≈##.##≈≈≈≈≈≈≈≈≈≈≈≈≈≈≈≈≈##.##≈.


You could see an orc warrior and an orc.

Vanquished Creatures
  2 hippogriffs
  3 orc warriors
  3 sky beasts
  A phantom (D:7)
  A necrophage (D:6)
  2 ogres
  2 centaurs
  A wyvern zombie (D:7)
  4 bullfrogs
  A scorpion (D:4)
  6 killer bees (D:6)
  A wight (D:6)
  3 jellies
  4 crimson imps
  2 hounds
  6 orc priests
  A bullfrog skeleton (D:6)
  4 orc wizards
  5 worker ants
  Natasha (thrice) (D:3)
  A hound skeleton (D:4)
  2 worker ant zombies
  9 adders
  A howler monkey skeleton (D:7)
  7 gnolls
  3 shadow imps (D:5)
  An adder skeleton (D:7)
  4 worms
  A dart slug (D:2)
  4 leopard geckos
  21 orcs
  5 ball pythons (Sewer)
  3 bats
  A giant cockroach (D:6)
  8 goblins
  3 hobgoblins
  14 jackals
  17 kobolds
  3 quokkas
  4 frilled lizards
  A jackal skeleton (D:4)
  A leopard gecko skeleton (D:7)
  8 rats
  5 plants (Sewer)
182 creatures vanquished.

Vanquished Creatures (collateral kills)
  A hungry ghost (D:7)
  3 wights (D:6)
  An orc wizard (D:5)
  2 orcs
  A jackal (D:7)
8 creatures vanquished.

Vanquished Creatures (others)
  2 plants (Sewer)
2 creatures vanquished.

Grand Total: 192 creatures vanquished

Notes
Turn   | Place    | Note
-------+----------+-------------------------------------------
     0 | D:1      | Inarius the Draconian Ice Elementalist began the quest for the Orb.
     0 | D:1      | Reached XP level 1. HP: 14/14 MP: 3/3
   312 | D:1      | Reached XP level 2. HP: 20/20 MP: 5/5
  1069 | D:2      | Reached XP level 3. HP: 20/26 MP: 0/6
  1137 | D:2      | Found an ancient bone altar of Kikubaaqudgha.
  1152 | D:2      | Reached skill level 4 in Ice Magic
  1208 | D:2      | Learned a level 3 spell: Ozocubu's Armour
  1457 | D:2      | Reached XP level 4. HP: 33/33 MP: 7/7
  2142 | D:3      | Noticed Natasha
  2150 | D:3      | Killed Natasha
  2150 | D:3      | Reached XP level 5. HP: 31/39 MP: 7/9
  2379 | D:3      | Noticed Natasha
  2388 | D:3      | Killed Natasha
  2388 | D:3      | Reached skill level 5 in Ice Magic
  2450 | D:3      | Noticed Baghtru's ghost (amateur VSCK)
  2678 | D:2      | Learned a level 4 spell: Throw Icicle
  3084 | D:3      | Noticed Natasha
  3092 | D:3      | Reached XP level 6. HP: 29/46 MP: 3/10
  3101 | D:3      | Killed Natasha
  3394 | D:3      | Reached skill level 6 in Ice Magic
  3732 | D:4      | Found a glowing drain.
  3821 | Sewer    | Entered a sewer
  3996 | Sewer    | Reached skill level 1 in Shields
  5215 | D:4      | Reached skill level 1 in Charms
  5220 | D:4      | Noticed an orc warrior
  5255 | D:4      | Reached skill level 1 in Fighting
  5469 | D:4      | Killed an orc warrior
  5469 | D:4      | Your scales start taking on an icy white colour.
  5469 | D:4      | Reached skill level 7 in Ice Magic
  5469 | D:4      | Reached XP level 7. HP: 34/52 MP: 9/12
  5469 | D:4      | Gained mutation: Your flesh is cold resistant. (rC+) [White Draconian growth]
  5473 | D:4      | Reached skill level 8 in Ice Magic
  5785 | D:4      | Learned a level 4 spell: Summon Ice Beast
  5968 | D:5      | Entered Level 5 of the Dungeon
  6081 | D:5      | Found Kaapyn's Book Shoppe.
  6575 | D:5      | Found a staircase to the Ecumenical Temple.
  6581 | Temple   | Entered the Ecumenical Temple
  6590 | Temple   | Became a worshipper of Vehumet
  6701 | D:5      | Reached XP level 8. HP: 48/61 MP: 1/14
  6752 | D:5      | Reached skill level 5 in Spellcasting
  7121 | D:5      | Reached skill level 9 in Ice Magic
  7557 | D:5      | Noticed bmj180's ghost (novice HOFi)
  8449 | D:6      | Found a glowing golden altar of the Shining One.
  8853 | D:6      | Reached skill level 1 in Summonings
  8853 | D:6      | Reached skill level 10 in Ice Magic
  9237 | D:6      | Reached XP level 9. HP: 63/70 MP: 5/17
  9334 | D:6      | Found Mobboenn's Magic Scroll Shoppe.
  9337 | D:6      | Bought a scroll of identify for 26 gold pieces
  9337 | D:6      | Bought a scroll of identify for 26 gold pieces
  9522 | D:7      | Found a blossoming altar of Fedhas.
  9716 | D:6      | Reached * piety under Vehumet
  9716 | D:6      | Offered knowledge of Sandblast by Vehumet.
  9979 | D:7      | Found a shattered altar of Ashenzari.
 10077 | D:7      | Reached skill level 11 in Ice Magic
 10758 | D:8      | Found a flagged portal.
 10827 | Bailey   | Entered a bailey
 11763 | Bailey   | HP: 1/70 [orc warrior/bolt (4)]
 11764 | Bailey   | Shot with a bolt by an orc warrior

Skill      XL: |  1  2  3  4  5  6  7  8  9 |
---------------+----------------------------+-----
Dodging        | 2 3 4 |  4.3
Ice Magic      | 4 5 7 8 10 11 | 11.8
Spellcasting   | 3 4 5 6 |  6.7
Shields        | 1 2 |  2.0
Charms         | 1 |  1.8
Fighting       | 1 2 3 |  3.6
Summonings     | 1 |  1.6
Short Blades   | |  0.4
Stealth        | |  1.7
Conjurations   | |  1.5

Action                   |  1- 3 |  4- 6 |  7- 9 || total
-------------------------+-------+-------+-------++-------
Melee: Short sword       |    16 |   352 |   262 ||   630
       Tailslap          |     4 |    59 |    15 ||    78
       Dagger            |    31 |    69 |       ||   100
 Cast: Freeze            |    22 |    59 |    98 ||   179
       Ozocubu's Armour  |       |     4 |    13 ||    17
       Throw Icicle      |       |       |    35 ||    35
       Summon Ice Beast  |       |       |    11 ||    11
 Abil: Breathe Frost     |       |       |     4 ||     4
  Use: Scroll            |       |    16 |     6 ||    22
       Potion            |       |     6 |     1 ||     7
 Stab: Sleeping          |       |     3 |       ||     3
       Distracted        |       |       |     1 ||     1
  Eat: Chunk             |     2 |    12 |    22 ||    36
       Ration            |       |     1 |     3 ||     4
Armor: Skin              |    18 |    69 |   164 ||   251
Dodge: Dodged            |    40 |   119 |   233 ||   392
Block: Buckler           |       |    17 |    75 ||    92
